 Dungeon Crawl Stone Soup version 0.21.1-1-g345015f (webtiles) character file.

12770 tidbits the Thaumaturge (level 11, 7/86 HPs)
             Began as a Gnoll Skald on June 17, 2018.
             Was an Elder of Cheibriados.
             Quit the game on level 1 of the Shoals.
             The game lasted 00:39:23 (2504 turns).

tidbits the Thaumaturge (Gnoll Skald)               Turns: 2504, Time: 00:39:24

Health: 7/86       AC: 13    Str: 22    XL:     11   Next: 98%
Magic:  4/23       EV: 24    Int: 29    God:    Cheibriados [****..]
Gold:   127        SH:  0    Dex: 26    Spells: 5/26 levels left

rFire    . . .     SeeInvis .   a - +0 war axe
rCold    + + .     Gourm    .   (no shield)
rNeg     . . .     Faith    .   B - +1 ring mail {rC+}
rPois    .         Spirit   .   (no helmet)
rElec    .         Reflect  .   C - +2 cloak
rCorr    .         Harm     +   G - +0 pair of gloves
MR       .....                  F - +0 pair of boots
Stlth    +.........             A - amulet of harm
HPRegen  0.64/turn              (no ring)
MPRegen  0.18/turn              (no ring)

@: confused, agile, very slightly contaminated, glowing, invisible (but backlit
and visible), very slow
A: distributed training, fangs 1, clumsy 1, cold resistance 1, regeneration 1,
sturdy frame 1, strong nose
a: Bend Time, Temporal Distortion, Slouch, Renounce Religion


You were on level 1 of the Shoals.
You worshipped Cheibriados.
Cheibriados was greatly pleased with you.
You were hungry.

You visited 4 branches of the dungeon, and saw 17 of its levels.
You also visited: Ossuary.

You collected 301 gold pieces.
You spent 174 gold pieces at shops.

Inventory:

Hand Weapons
 a - a +0 war axe (weapon)
 m - a +0 shortbow
 p - a +2 flail of holy wrath
   (You took it off a gargoyle on level 10 of the Dungeon)
 r - a +1 hand axe
 s - a +1 short sword of holy wrath
   (You took it off an orc on level 6 of the Dungeon)
 H - a +1 hand axe of distortion
   (You took it off an orc on level 8 of the Dungeon)
 M - a +3 flail of freezing
   (You took it off a wight on level 9 of the Dungeon)
 T - a +2 dagger of holy wrath
   (You took it off an orc wizard on level 10 of the Dungeon)
Missiles
 g - a throwing net {!f}
 j - 44 arrows
 v - 11 sling bullets
 w - 24 bolts
 y - 11 tomahawks (quivered)
Armour
 l - a +1 leather armour of poison resistance
   (You took it off an orc on level 6 of the Dungeon)
 B - a +1 ring mail of cold resistance (worn)
   (You took it off an orc on level 8 of the Dungeon)
 C - a +2 cloak (worn)
 F - a +0 pair of boots (worn)
 G - a +0 pair of gloves (worn)
 N - a +0 robe of cold resistance
   (You took it off a wight on level 7 of the Dungeon)
 U - a +0 ring mail
Magical Staves
 V - an uncursed staff of poison
   (You found it on level 9 of the Dungeon)
Jewellery
 h - an uncursed ring of fire
   (You found it on level 4 of the Dungeon)
 i - an uncursed amulet of the gourmand
   (You found it on level 1 of the Dungeon)
 o - an uncursed ring of ice
   (You found it on level 2 of the Dungeon)
 A - an amulet of harm (around neck)
   (You found it on level 6 of the Dungeon)
Wands
 P - a wand of digging (22)
Scrolls
 d - a scroll of teleportation
 f - a scroll of vulnerability
 n - 4 scrolls of amnesia
 q - 3 scrolls of enchant weapon
 z - 3 scrolls of fog
 K - a scroll of magic mapping
 X - 4 scrolls of remove curse
 Y - a scroll of random uselessness {unknown}
Potions
 t - a potion of resistance {unknown}
 x - 2 potions of mutation {!q}
 E - a potion of magic {unknown}
 I - 2 potions of haste
 O - a potion of flight {unknown}
 Q - a potion of ambrosia {unknown}
 W - a potion of cancellation {unknown}
 Z - a potion of degeneration {unknown}
Books
 b - a book of Party Tricks
   (You found it on level 3 of the Lair of Beasts)

   Spells                             Type                      Level
   a - Summon Butterflies             Summoning                    1
   b - Apportation                    Translocation                1
   c - Lesser Beckoning               Translocation                3
   d - Tukima's Dance                 Hexes                        3
   e - Alistair's Intoxication        Transmutation/Poison         5
   f - Invisibility                   Hexes                        6
 L - a book of Battle

   Spells                             Type                      Level
   a - Infusion                       Charms                       1
   b - Shroud of Golubria             Charms/Translocation         2
   c - Song of Slaying                Charms                       2
   d - Spectral Weapon                Hexes/Charms                 3
   e - Regeneration                   Charms/Necromancy            3
 R - a book of Necromancy
   (You found it on level 8 of the Dungeon)

   Spells                             Type                      Level
   a - Pain                           Necromancy                   1
   b - Animate Skeleton               Necromancy                   1
   c - Vampiric Draining              Necromancy                   3
   d - Regeneration                   Charms/Necromancy            3
   e - Animate Dead                   Necromancy                   4
   f - Borgnjor's Vile Clutch         Necromancy/Earth             5
Comestibles
 c - 4 rations


   Skills:
 + Level 8.2 Fighting
 + Level 6.7 Short Blades
 + Level 6.7 Long Blades
 + Level 8.2 Axes
 + Level 6.7 Maces & Flails
 + Level 6.7 Polearms
 + Level 6.7 Staves
 + Level 6.7 Slings
 + Level 6.7 Bows
 + Level 6.7 Crossbows
 + Level 6.7 Throwing
 + Level 7.2 Armour
 + Level 8.2 Dodging
 + Level 6.7 Stealth
 + Level 6.7 Shields
 + Level 6.7 Unarmed Combat
 + Level 8.4 Spellcasting
 + Level 5.5 Conjurations
 + Level 5.5 Hexes
 + Level 7.9 Charms
 + Level 5.5 Summonings
 + Level 5.5 Necromancy
 + Level 5.5 Translocations
 + Level 5.5 Transmutations
 + Level 5.5 Fire Magic
 + Level 5.5 Ice Magic
 + Level 5.5 Air Magic
 + Level 5.5 Earth Magic
 + Level 5.5 Poison Magic
 + Level 7.3 Invocations
 + Level 6.7 Evocations


You had 5 spell levels left.
You knew the following spells:

 Your Spells              Type           Power        Failure   Level  Hunger
g - Shroud of Golubria    Chrm/Tloc      ######....   1%          2    None
n - Animate Skeleton      Necr           N/A          1%          1    None
r - Regeneration          Chrm/Necr      ######....   1%          3    None
v - Borgnjor's Vile Clut  Necr/Erth      #####.....   16%         5    ####...
w - Spectral Weapon       Hex/Chrm       ######..     1%          3    None
y - Song of Slaying       Chrm           ######..     1%          2    None
A - Apportation           Tloc           #####.       1%          1    None
N - Animate Dead          Necr           N/A          5%          4    #......


Dungeon Overview and Level Annotations

Branches:
Dungeon (10/15)            Temple (1/1) D:7            Lair (5/6) D:8
 Shoals (1/4) Lair:3
  Snake: Lair:2-4    Spider: Lair:2-4     Slime: Lair:5-6       Orc: D:9-12

Altars:
Ashenzari
Cheibriados
Dithmenos
Elyvilon
Gozag
Kikubaaqudgha
Makhleb
Nemelex Xobeh
Okawaru
Qazlal
Ru
Trog
Vehumet
Wu Jian
Xom
Yredelemnul
Zin
The Shining One
Beogh

Shops:
D:8 *

Annotations:
D:5 Edmund
D:8 Erica


Innate Abilities, Weirdness & Mutations

Your experience applies equally to all skills.
You have very sharp teeth.
Your uncanny sense of smell can sniff out nearby items.
You are clumsy. (Dex -2)
Your flesh is cold resistant. (rC+)
Your natural rate of healing is unusually fast.
Your movements are slightly less encumbered by armour. (ER -2)


Message History

The faun unwields an uncursed spear.
The faun wields a hunting sling.
The faun shoots a sling bullet.
The sling bullet hits you but does no damage.
A manticore comes into view.
Evoke which item? (* to show all) (? for menu, Esc to quit)
Okay, then.
Your skin stops crawling.
It was a potion of invisibility.
You become transparent, but the glow from your corona prevents you from becoming completely invisible.
You are very lightly contaminated with residual magic.
Unknown command.
Okay, then.
Unknown command.
Unknown command.
As you read the scroll of fog, it crumbles to dust.
The scroll dissolves into smoke.
Unknown command.
The faun shouts!
The faun shoots a stone.
The stone hits you.
* * * LOW HITPOINT WARNING * * *
The faun shoots a stone.
The stone hits you but does no damage.
You see here a stone.
You feel agile all of a sudden.
Unknown command.
Unknown command.
It was a potion of heal wounds.
You feel much better.
The faun shoots a sling bullet.
The sling bullet completely misses you.
You hear a splash.
Unknown command.
You barely miss the manticore.
You punch the manticore, but do no damage.
The manticore bites you but does no damage.
The manticore closely misses you.
The manticore claws you but does no damage.
You barely miss the manticore. You hit the faun.
The faun unwields an uncursed hunting sling.
The faun wields an uncursed spear.
The faun completely misses you.
The manticore bites you but does no damage.
The manticore claws you but does no damage.
The manticore claws you!
* * * LOW HITPOINT WARNING * * *
The faun shoots a stone.
The stone hits you but does no damage.
Unknown command.
You closely miss the manticore. You barely miss the faun.
The faun closely misses you. The manticore closely misses you. x2
The manticore completely misses you.
The faun shoots a stone.
The stone hits you but does no damage.
Unknown command.
Casting: Regeneration
Confirm with . or Enter, or press ? or * to list all spells.
Aiming: Borgnjor's Vile Clutch
Press: ? - help, Dir - move target cursor, f - manticore
Aim: a manticore (grey smoke)
You miscast Borgnjor's Vile Clutch.
You feel earthy.
You are feeling hungry.
The faun completely misses you. The manticore closely misses you.
The manticore barely misses you. The manticore misses you.
The faun completely misses you.
The faun shoots a stone.
The stone hits you!
* * * LOW HITPOINT WARNING * * *
Unknown command.
As you read the scroll of fear, it crumbles to dust.
You assume a fearsome visage.
The manticore looks frightened!
The faun looks frightened! x3
Unknown command.
You flicker for a moment.
You see here a falchion. 2 harpies come into view.
You flicker back into view.
Found 21 stones.
The harpy closely misses you. The harpy misses you.
You see here a falchion.
The harpy claws you!
* * * LOW HITPOINT WARNING * * *
The harpy misses you.
Okay, then.
Unknown command.
You are no longer glowing.
The harpy screeches!
The harpy claws you but does no damage. The harpy completely misses you.
The faun unwields an uncursed spear.
The faun wields an uncursed hunting sling.
The faun shoots a sling bullet.
The sling bullet barely misses you.
You hear a splash.
Unknown command.
You fade into invisibility!
The faun shoots a sling bullet.
You hear a splash.
The faun shoots a sling bullet.
You hear a splash.
Unknown command.
The faun points at something and mumbles some strange words.
You feel strangely conspicuous.
The faun gestures at you while chanting.
You are confused.
The faun unwields an uncursed hunting sling.
The faun wields an uncursed spear.
The faun hits you with an uncursed spear!
* * * LOW HITPOINT WARNING * * *
Are you sure you want to abandon this character and quit the game? (Confirm with "yes".)

≈...≈≈≈≈Hc≈≈≈≈≈≈≈≈≈≈
≈..≈≈≈≈≈..≈≈≈≈≈≈≈≈≈≈
≈≈≈....).(.≈≈≈≈≈≈≈≈.
≈≈≈≈≈≈≈.....(..≈≈≈≈≈≈≈≈≈
≈≈≈≈≈≈..≈...H...≈≈≈≈≈≈≈≈
≈≈≈≈≈.......(c....≈≈≈≈≈≈
≈≈..≈..........#...≈≈≈≈≈
≈...≈≈...##(c.......≈≈≈≈≈≈≈≈
≈≈≈.....###.@≈.....≈≈≈≈≈≈≈≈≈
≈.≈..............≈..≈≈≈≈≈≈≈≈
....................≈≈≈≈≈≈≈≈
H.......)..≈≈≈.≈....≈≈≈≈≈≈≈≈
.##....≈≈..(≈≈≈..##.......≈≈
(.....≈≈≈(≈≈≈≈≈...##.......≈
≈≈≈..≈..((≈≈≈≈≈.....<≈≈≈...≈
≈...≈...≈≈...≈≈....≈≈$.≈.≈≈≈
≈..≈≈.≈≈.........≈≈≈≈≈≈..≈≈≈


You could see 2 fauns and a manticore.

Vanquished Creatures
  6 elephants (Lair:4)
  A faun (Shoals:1)
  Maurice (D:8)
  A merfolk siren (Lair:3)
  3 spiny frogs
  2 black mambas
  A gargoyle (D:10)
  A komodo dragon (Lair:4)
  3 merfolk (Lair:3)
  A polar bear (Lair:4)
  A hornet (Lair:4)
  7 blink frogs
  A hippogriff (Lair:4)
  A wraith (Lair:4)
  A water elemental (Shoals:1)
  A basilisk (Lair:3)
  A hungry ghost (D:8)
  Menkaure (Ossuary)
  4 water moccasins
  2 porcupines (Lair:1)
  3 orc warriors
  A black bear (D:7)
  An ogre (D:8)
  A centaur (D:7)
  3 crocodiles
  3 big kobolds
  8 bullfrogs
  An elf zombie (D:6)
  3 scorpions
  8 wights
  A crimson imp (D:8)
  3 centaur zombies (Ossuary)
  A human zombie (Ossuary)
  A jelly (D:6)
  6 orc priests
  3 hounds
  3 iguanas
  5 orc wizards
  A worker ant (D:10)
  2 ogre zombies (Ossuary)
  4 mummies (Ossuary)
  4 adders
  2 adder zombies
  An adder skeleton (D:6)
  A dart slug (D:2)
  2 leopard geckos
  18 orcs
  A bat (D:2)
  2 giant cockroaches
  5 goblins (D:1)
  4 hobgoblins
  4 jackals (D:6)
  12 kobolds
  A quokka (D:4)
  A frilled lizard (D:4)
  2 goblin zombies (Ossuary)
  2 hobgoblin zombies (Ossuary)
  2 orc zombies
  A plant (Lair:3)
167 creatures vanquished.

Vanquished Creatures (collateral kills)
  Josephine (Lair:4)
  A spiny frog (Lair:1)
  A porcupine (Lair:4)
  6 wolves (Lair:4)
  2 crocodiles
  2 bullfrogs
  A killer bee (D:10)
14 creatures vanquished.

Vanquished Creatures (others)
  A fungus (Lair:4)
  6 spectral weapons
7 creatures vanquished.

Grand Total: 188 creatures vanquished

Notes
Turn   | Place    | Note
-------+----------+-------------------------------------------
     0 | D:1      | tidbits the Gnoll Skald began the quest for the Orb.
     0 | D:1      | Reached XP level 1. HP: 20/20 MP: 6/6
    94 | D:1      | Reached XP level 2. HP: 21/26 MP: 0/7
   287 | D:3      | Reached XP level 3. HP: 13/31 MP: 3/9
   302 | D:3      | Learned a level 3 spell: Regeneration
   307 | D:3      | Learned a level 3 spell: Spectral Weapon
   328 | D:3      | Reached skill level 5 in Spellcasting
   332 | D:3      | Reached skill level 1 in Invocations
   336 | D:3      | Reached skill level 1 in Short Blades
   336 | D:3      | Reached skill level 1 in Long Blades
   336 | D:3      | Reached skill level 1 in Maces & Flails
   336 | D:3      | Reached skill level 1 in Polearms
   336 | D:3      | Reached skill level 1 in Staves
   336 | D:3      | Reached skill level 1 in Slings
   336 | D:3      | Reached skill level 1 in Bows
   336 | D:3      | Reached skill level 1 in Crossbows
   336 | D:3      | Reached skill level 1 in Throwing
   336 | D:3      | Reached skill level 1 in Stealth
   336 | D:3      | Reached skill level 1 in Shields
   336 | D:3      | Reached skill level 1 in Unarmed Combat
   336 | D:3      | Reached skill level 1 in Evocations
   392 | D:4      | Reached XP level 4. HP: 7/38 MP: 6/11
   411 | D:4      | Reached skill level 1 in Conjurations
   411 | D:4      | Reached skill level 1 in Hexes
   411 | D:4      | Reached skill level 1 in Summonings
   411 | D:4      | Reached skill level 1 in Necromancy
   411 | D:4      | Reached skill level 1 in Translocations
   411 | D:4      | Reached skill level 1 in Transmutations
   411 | D:4      | Reached skill level 1 in Fire Magic
   411 | D:4      | Reached skill level 1 in Ice Magic
   411 | D:4      | Reached skill level 1 in Air Magic
   411 | D:4      | Reached skill level 1 in Earth Magic
   411 | D:4      | Reached skill level 1 in Poison Magic
   444 | D:4      | You fall through a shaft!
   444 | D:5      | Entered Level 5 of the Dungeon
   451 | D:5      | Reached XP level 5. HP: 31/43 MP: 1/12
   455 | D:5      | Learned a level 2 spell: Song of Slaying
   458 | D:5      | Learned a level 2 spell: Shroud of Golubria
   480 | D:6      | Reached skill level 3 in Armour
   555 | D:5      | Reached skill level 2 in Invocations
   555 | D:5      | Reached XP level 6. HP: 33/50 MP: 1/13
   556 | D:5      | Noticed Edmund
   649 | D:6      | Reached skill level 5 in Fighting
   649 | D:6      | Reached skill level 5 in Axes
   649 | D:6      | Reached skill level 5 in Dodging
   670 | D:6      | Reached skill level 2 in Short Blades
   670 | D:6      | Reached skill level 2 in Long Blades
   670 | D:6      | Reached skill level 2 in Maces & Flails
   670 | D:6      | Reached skill level 2 in Polearms
   670 | D:6      | Reached skill level 2 in Staves
   670 | D:6      | Reached skill level 2 in Slings
   670 | D:6      | Reached skill level 2 in Bows
   670 | D:6      | Reached skill level 2 in Crossbows
   670 | D:6      | Reached skill level 2 in Throwing
   670 | D:6      | Reached skill level 2 in Stealth
   670 | D:6      | Reached skill level 2 in Shields
   670 | D:6      | Reached skill level 2 in Unarmed Combat
   670 | D:6      | Reached skill level 2 in Evocations
   687 | D:6      | Noticed an orc warrior
   687 | D:6      | Gained mutation: Your flesh is cold resistant. (rC+) [potion of mutation]
   687 | D:6      | Gained mutation: Your movements are slightly less encumbered by armour. (ER -2) [potion of mutation]
   687 | D:6      | Gained mutation: You are clumsy. (Dex -2) [potion of mutation]
   687 | D:6      | Gained mutation: Your natural rate of healing is unusually fast. [potion of mutation]
   739 | D:7      | Noticed an orc warrior
   751 | D:7      | Reached XP level 7. HP: 49/56 MP: 1/15
   783 | D:7      | Found a staircase to the Ecumenical Temple.
   794 | Temple   | Entered the Ecumenical Temple
   865 | Temple   | Became a worshipper of Cheibriados the Contemplative
   993 | D:6      | HP: 4/56 [orc warrior/hand axe (22)]
   995 | D:6      | Reached skill level 2 in Conjurations
   995 | D:6      | Reached skill level 2 in Hexes
   995 | D:6      | Reached skill level 2 in Summonings
   995 | D:6      | Reached skill level 2 in Necromancy
   995 | D:6      | Reached skill level 2 in Translocations
   995 | D:6      | Reached skill level 2 in Transmutations
   995 | D:6      | Reached skill level 2 in Fire Magic
   995 | D:6      | Reached skill level 2 in Ice Magic
   995 | D:6      | Reached skill level 2 in Air Magic
   995 | D:6      | Reached skill level 2 in Earth Magic
   995 | D:6      | Reached skill level 2 in Poison Magic
  1058 | D:6      | Found a sand-covered staircase.
  1070 | Ossuary  | Entered an ossuary
  1134 | Ossuary  | Reached skill level 3 in Invocations
  1143 | Ossuary  | Noticed Menkaure
  1155 | Ossuary  | Killed Menkaure
  1155 | Ossuary  | Reached * piety under Cheibriados
  1155 | Ossuary  | Reached skill level 6 in Charms
  1155 | Ossuary  | Reached XP level 8. HP: 27/63 MP: 4/16
  1163 | Ossuary  | Reached skill level 4 in Armour
  1173 | Ossuary  | Reached skill level 3 in Short Blades
  1173 | Ossuary  | Reached skill level 3 in Long Blades
  1173 | Ossuary  | Reached skill level 3 in Maces & Flails
  1173 | Ossuary  | Reached skill level 3 in Polearms
  1173 | Ossuary  | Reached skill level 3 in Staves
  1173 | Ossuary  | Reached skill level 3 in Slings
  1173 | Ossuary  | Reached skill level 3 in Bows
  1173 | Ossuary  | Reached skill level 3 in Crossbows
  1173 | Ossuary  | Reached skill level 3 in Throwing
  1173 | Ossuary  | Reached skill level 3 in Stealth
  1173 | Ossuary  | Reached skill level 3 in Shields
  1173 | Ossuary  | Reached skill level 3 in Unarmed Combat
  1173 | Ossuary  | Reached skill level 3 in Evocations
  1286 | D:7      | Reached skill level 6 in Spellcasting
  1328 | D:8      | Found Qabriducw's Assorted Antiques.
  1333 | D:8      | Bought a metallic inky potion for 27 gold pieces
  1333 | D:8      | Bought a long bronze wand for 120 gold pieces
  1333 | D:8      | Bought a brown potion for 27 gold pieces
  1349 | D:8      | Found a staircase to the Lair.
  1367 | D:8      | HP: 2/96 [orc priest/divine providence (15)]
  1405 | Lair:1   | Entered Level 1 of the Lair of Beasts
  1405 | Lair:1   | Noticed a blink frog
  1405 | Lair:1   | Noticed a blink frog
  1405 | Lair:1   | Noticed a blink frog
  1405 | Lair:1   | Noticed a blink frog
  1408 | Lair:1   | Noticed a black mamba
  1424 | D:8      | Killed a blink frog
  1424 | D:8      | Reached skill level 6 in Fighting
  1424 | D:8      | Reached skill level 6 in Axes
  1424 | D:8      | Reached skill level 6 in Dodging
  1424 | D:8      | Reached skill level 3 in Conjurations
  1424 | D:8      | Reached skill level 3 in Hexes
  1424 | D:8      | Reached skill level 3 in Summonings
  1424 | D:8      | Reached skill level 3 in Necromancy
  1424 | D:8      | Reached skill level 3 in Translocations
  1424 | D:8      | Reached skill level 3 in Transmutations
  1424 | D:8      | Reached skill level 3 in Fire Magic
  1424 | D:8      | Reached skill level 3 in Ice Magic
  1424 | D:8      | Reached skill level 3 in Air Magic
  1424 | D:8      | Reached skill level 3 in Earth Magic
  1424 | D:8      | Reached skill level 3 in Poison Magic
  1424 | D:8      | Reached skill level 4 in Invocations
  1424 | D:8      | Reached XP level 9. HP: 14/69 MP: 2/18
  1425 | D:8      | Reached ** piety under Cheibriados
  1462 | D:8      | Noticed Erica
  1506 | D:9      | Reached skill level 4 in Short Blades
  1506 | D:9      | Reached skill level 4 in Long Blades
  1506 | D:9      | Reached skill level 4 in Maces & Flails
  1506 | D:9      | Reached skill level 4 in Polearms
  1506 | D:9      | Reached skill level 4 in Staves
  1506 | D:9      | Reached skill level 4 in Slings
  1506 | D:9      | Reached skill level 4 in Bows
  1506 | D:9      | Reached skill level 4 in Crossbows
  1506 | D:9      | Reached skill level 4 in Throwing
  1506 | D:9      | Reached skill level 4 in Stealth
  1506 | D:9      | Reached skill level 4 in Shields
  1506 | D:9      | Reached skill level 4 in Unarmed Combat
  1506 | D:9      | Reached skill level 4 in Evocations
  1529 | D:9      | Learned a level 5 spell: Borgnjor's Vile Clutch
  1573 | D:10     | Entered Level 10 of the Dungeon
  1573 | D:10     | Noticed a gargoyle
  1579 | D:10     | Killed a gargoyle
  1579 | D:10     | Reached skill level 5 in Armour
  1588 | D:10     | Learned a level 1 spell: Animate Skeleton
  1627 | D:10     | Found a roughly hewn altar of Beogh.
  1731 | D:8      | Noticed Maurice
  1735 | D:8      | Reached *** piety under Cheibriados
  1735 | D:8      | Reached skill level 5 in Invocations
  1763 | D:8      | Killed Maurice
  1763 | D:8      | Reached skill level 7 in Spellcasting
  1763 | D:8      | Reached skill level 4 in Conjurations
  1763 | D:8      | Reached skill level 4 in Hexes
  1763 | D:8      | Reached skill level 4 in Summonings
  1763 | D:8      | Reached skill level 4 in Necromancy
  1763 | D:8      | Reached skill level 4 in Translocations
  1763 | D:8      | Reached skill level 4 in Transmutations
  1763 | D:8      | Reached skill level 4 in Fire Magic
  1763 | D:8      | Reached skill level 4 in Ice Magic
  1763 | D:8      | Reached skill level 4 in Air Magic
  1763 | D:8      | Reached skill level 4 in Earth Magic
  1763 | D:8      | Reached skill level 4 in Poison Magic
  1763 | D:8      | Reached XP level 10. HP: 21/77 MP: 4/20
  1844 | Lair:1   | Killed a black mamba
  1844 | Lair:1   | Reached skill level 5 in Short Blades
  1844 | Lair:1   | Reached skill level 5 in Long Blades
  1844 | Lair:1   | Reached skill level 5 in Maces & Flails
  1844 | Lair:1   | Reached skill level 5 in Polearms
  1844 | Lair:1   | Reached skill level 5 in Staves
  1844 | Lair:1   | Reached skill level 5 in Slings
  1844 | Lair:1   | Reached skill level 5 in Bows
  1844 | Lair:1   | Reached skill level 5 in Crossbows
  1844 | Lair:1   | Reached skill level 5 in Throwing
  1844 | Lair:1   | Reached skill level 5 in Stealth
  1844 | Lair:1   | Reached skill level 5 in Shields
  1844 | Lair:1   | Reached skill level 5 in Unarmed Combat
  1844 | Lair:1   | Reached skill level 5 in Evocations
  1847 | Lair:1   | Reached skill level 7 in Charms
  1875 | Lair:1   | Noticed a spiny frog
  1881 | Lair:1   | Reached skill level 7 in Fighting
  1881 | Lair:1   | Reached skill level 7 in Axes
  1881 | Lair:1   | Reached skill level 7 in Dodging
  1887 | Lair:1   | Killed a spiny frog
  1929 | Lair:2   | Noticed a spiny frog
  1939 | Lair:2   | Killed a spiny frog
  1956 | Lair:2   | Reached skill level 6 in Armour
  2007 | Lair:2   | Noticed a spiny frog
  2018 | Lair:2   | Killed a spiny frog
  2018 | Lair:2   | Reached skill level 6 in Invocations
  2052 | Lair:3   | Learned a level 4 spell: Animate Dead
  2089 | Lair:4   | Noticed an elephant
  2092 | Lair:4   | Noticed an elephant
  2092 | Lair:4   | Noticed an elephant
  2093 | Lair:4   | Noticed an elephant
  2095 | Lair:4   | Noticed an elephant
  2095 | Lair:4   | Reached **** piety under Cheibriados
  2096 | Lair:4   | Killed an elephant
  2096 | Lair:4   | Reached XP level 11. HP: 79/84 MP: 18/22
  2103 | Lair:4   | Reached skill level 6 in Short Blades
  2103 | Lair:4   | Reached skill level 6 in Long Blades
  2103 | Lair:4   | Reached skill level 6 in Maces & Flails
  2103 | Lair:4   | Reached skill level 6 in Polearms
  2103 | Lair:4   | Reached skill level 6 in Staves
  2103 | Lair:4   | Reached skill level 6 in Slings
  2103 | Lair:4   | Reached skill level 6 in Bows
  2103 | Lair:4   | Reached skill level 6 in Crossbows
  2103 | Lair:4   | Reached skill level 6 in Throwing
  2103 | Lair:4   | Reached skill level 6 in Stealth
  2103 | Lair:4   | Reached skill level 6 in Shields
  2103 | Lair:4   | Reached skill level 6 in Unarmed Combat
  2103 | Lair:4   | Reached skill level 6 in Evocations
  2107 | Lair:4   | Reached skill level 5 in Conjurations
  2107 | Lair:4   | Reached skill level 5 in Hexes
  2107 | Lair:4   | Reached skill level 5 in Summonings
  2107 | Lair:4   | Reached skill level 5 in Necromancy
  2107 | Lair:4   | Reached skill level 5 in Translocations
  2107 | Lair:4   | Reached skill level 5 in Transmutations
  2107 | Lair:4   | Reached skill level 5 in Fire Magic
  2107 | Lair:4   | Reached skill level 5 in Ice Magic
  2107 | Lair:4   | Reached skill level 5 in Air Magic
  2107 | Lair:4   | Reached skill level 5 in Earth Magic
  2107 | Lair:4   | Reached skill level 5 in Poison Magic
  2112 | Lair:4   | Reached skill level 8 in Spellcasting
  2219 | Lair:4   | Noticed Josephine
  2224 | Lair:4   | Killed Josephine
  2286 | Lair:4   | Reached skill level 7 in Invocations
  2289 | Lair:4   | Reached skill level 8 in Fighting
  2289 | Lair:4   | Reached skill level 8 in Axes
  2289 | Lair:4   | Reached skill level 7 in Armour
  2289 | Lair:4   | Reached skill level 8 in Dodging
  2317 | Lair:3   | Reached ***** piety under Cheibriados
  2363 | Lair:3   | Learned a level 1 spell: Apportation
  2410 | Lair:3   | Found a staircase to the Shoals.
  2443 | Shoals:1 | Entered Level 1 of the Shoals
  2443 | Shoals:1 | Noticed a merfolk aquamancer
  2464 | Shoals:1 | Noticed a faun
  2465 | Shoals:1 | Noticed a faun
  2474 | Shoals:1 | Noticed a faun
  2476 | Shoals:1 | Noticed a faun
  2478 | Shoals:1 | Killed a faun
  2479 | Shoals:1 | Noticed a manticore
  2496 | Shoals:1 | Noticed a harpy
  2496 | Shoals:1 | Noticed a harpy
  2503 | Shoals:1 | HP: 7/86 [faun/uncursed spear (12)]
  2504 | Shoals:1 | Quit the game

Skill      XL: |  1  2  3  4  5  6  7  8  9 10 11 |
---------------+----------------------------------+-----
Spellcasting   | 5 6 7 8 |  8.4
Invocations    | 1 2 3 4 5 6 7 |  7.3
Short Blades   | 1 2 3 4 5 6 |  6.7
Long Blades    | 1 2 3 4 5 6 |  6.7
Maces & Flails | 1 2 3 4 5 6 |  6.7
Polearms       | 1 2 3 4 5 6 |  6.7
Staves         | 1 2 3 4 5 6 |  6.7
Slings         | 1 2 3 4 5 6 |  6.7
Bows           | 1 2 3 4 5 6 |  6.7
Crossbows      | 1 2 3 4 5 6 |  6.7
Throwing       | 1 2 3 4 5 6 |  6.7
Stealth        | 1 2 3 4 5 6 |  6.7
Shields        | 1 2 3 4 5 6 |  6.7
Unarmed Combat | 1 2 3 4 5 6 |  6.7
Evocations     | 1 2 3 4 5 6 |  6.7
Conjurations   | 1 2 3 4 5 |  5.5
Hexes          | 1 2 3 4 5 |  5.5
Summonings     | 1 2 3 4 5 |  5.5
Necromancy     | 1 2 3 4 5 |  5.5
Translocations | 1 2 3 4 5 |  5.5
Transmutations | 1 2 3 4 5 |  5.5
Fire Magic     | 1 2 3 4 5 |  5.5
Ice Magic      | 1 2 3 4 5 |  5.5
Air Magic      | 1 2 3 4 5 |  5.5
Earth Magic    | 1 2 3 4 5 |  5.5
Poison Magic   | 1 2 3 4 5 |  5.5
Armour         | 3 4 5 6 7 |  7.2
Fighting       | 5 6 7 8 |  8.2
Axes           | 5 6 7 8 |  8.2
Dodging        | 5 6 7 8 |  8.2
Charms         | 6 7 |  7.9

Action                   |  1- 3 |  4- 6 |  7- 9 | 10-12 || total
-------------------------+-------+-------+-------+-------++-------
Melee: Hand axe          |    66 |    68 |    26 |       ||   160
       Bite              |     6 |     6 |    26 |    23 ||    61
       Punch             |       |     1 |     4 |    12 ||    17
       War axe           |       |       |   150 |   111 ||   261
       Unarmed           |       |       |     4 |       ||     4
       Flail             |       |       |     3 |       ||     3
Throw: Tomahawk          |       |       |     3 |     4 ||     7
 Cast: Infusion          |     6 |     2 |       |       ||     8
       Spectral Weapon   |     2 |     7 |    25 |    20 ||    54
       Regeneration      |     1 |     5 |    14 |    10 ||    30
       Shroud of Golubri |       |     2 |     5 |     1 ||     8
       Song of Slaying   |       |       |     4 |     2 ||     6
       Borgnjor's Vile C |       |       |     3 |     7 ||    10
       Animate Skeleton  |       |       |     2 |     6 ||     8
       Apportation       |       |       |       |     1 ||     1
       Animate Dead      |       |       |       |     1 ||     1
Invok: Slouch            |       |       |       |     2 ||     2
Evoke: Wand              |       |       |     1 |       ||     1
  Use: Potion            |     1 |     4 |     5 |     4 ||    14
       Scroll            |       |       |    15 |     5 ||    20
 Stab: Sleeping          |     1 |       |       |     2 ||     3
       Distracted        |       |       |     1 |     4 ||     5
  Eat: Chunk             |       |     1 |     1 |     5 ||     7
       Ration            |       |       |     1 |       ||     1
Armor: Leather armour    |    15 |    13 |    12 |       ||    40
       Skin              |       |       |    26 |       ||    26
       Ring mail         |       |       |    51 |    44 ||    95
Dodge: Dodged            |    41 |    51 |   146 |   122 ||   360

Table legend:
 A = Turns spent in this place as a percentage of turns spent in the entire game.
 B = Non-inter-level travel turns spent in this place as a percentage of non-inter-level travel turns spent in the entire game.
 C = Inter-level travel turns spent in this place as a percentage of turns spent in this place.
 D = Turns resting spent in this place as a percentage of non-inter-level travel turns spent in this place.
 E = Turns spent auto-exploring this place as a percentage of non-inter-level travel turns spent in this place.
 F = Non-inter-level travel turns spent in this place divided by the number of levels of this place that you've seen.
                   A       B       C       D       E      F
               +-------+-------+-------+-------+-------+----------------------
         Total | 100.0 | 100.0 |   1.3 |   0.0 |   0.0 | 137.3
       Dungeon |  63.5 |  63.6 |   1.2 |   0.0 |   0.0 | 157.2
        Temple |   3.5 |   3.0 |  16.1 |   0.0 |   0.0 |  73.0
          Lair |  24.5 |  24.8 |   0.0 |   0.0 |   0.0 | 122.6
        Shoals |   2.4 |   2.5 |   0.0 |   0.0 |   0.0 |  61.0
       Ossuary |   6.1 |   6.2 |   0.0 |   0.0 |   0.0 | 152.0
               +-------+-------+-------+-------+-------+----------------------

Table legend:
 A = Kills in this place as a percentage of kills in entire the game.
 B = Kills by you in this place as a percentage of kills by you in the entire game.
 C = Kills by friends in this place as a percentage of kills by friends in the entire game.
 D = Other kills in this place as a percentage of other kills in the entire game.
 E = Experience gained in this place as a percentage of experience gained in the entire game.
 F = Experience gained in this place divided by the number of levels of this place that you have seen.
                   A       B       C       D       E      F
               +-------+-------+-------+-------+-------+----------------------
         Total | 100.0 | 100.0 | 100.0 |   N/A | 100.0 | 1013.6
       Dungeon |  60.0 |  64.5 |   7.1 |   N/A |  25.5 | 466.0
          Lair |  29.4 |  24.1 |  92.9 |   N/A |  68.0 | 2481.2
        Shoals |   1.1 |   1.2 |   0.0 |   N/A |   3.8 | 689.0
       Ossuary |   9.4 |  10.2 |   0.0 |   N/A |   2.7 | 489.0
               +-------+-------+-------+-------+-------+----------------------

Vault maps used:
D:1:      dpeg_arrival_another_circle, minmay_pentomino_w4
D:2:      uniq_robin, uniq_sigmund
D:3:      chequers_ecumenical_altar_island, fedhas_altar_1
D:4:      grunt_temple_overflow_open, serial_shops, shop_fountains, first_ration
D:5:      kennysheep_little_box, serial_shops, nicolae_shop_crystal,
          hangedman_decor_clover_reticule, uniq_blork_the_orc, uniq_edmund
D:6:      lemuel_coloured_pillars_altar, nicolae_ossuary_entry_catacombs,
          kennysheep_generic_room_16
D:7:      minmay_temple_entry_statues_fountains
D:8:      lair_entry_dummy, serial_shops, nicolae_shop_statue_plus, uniq_erica,
          uniq_grum, uniq_maurice, uniq_prince_ribbit1
D:9:      uniq_erolcha
D:10:     david_defended_altar_orc, uniq_snorg
Temple:   eino_narrow_crystal_temple
Lair:1:   grunt_megastairs_1
Lair:2:   minivault_11
Lair:3:   elwin_shoals_entry_stream, dummy_snake_entry, uniq_sonja
Lair:4:   uniq_josephine
Lair:5:   uniq_kirke
Ossuary:  ossuary_boxes_badplayer
